Map: 居住空间站 - 天梯版 (虚空)

Players

iGXY (XY) - Winner!

  • Race: Terran Terran
  • Spawn Location: 11:00

DeMusliM

  • Race: Terran Terran
  • League: Master
  • Spawn Location: 1:00

Event: WESG 2016 Finals

VOD

Have the link to the VOD?

Description

Time

  • Played on: Jan. 12, 2017, 7:34 a.m.
  • Length: 17:52

All games in this series

Show
View Real Time Build Order
Export as new Build Order

iGXY Terran - Winner!

Build Orders: 1/1/1, Cyclone Opening, Bio Tank 

Get SALT Encoding   

  12  0:01  SCV  
  13  0:13  SCV  
  14  0:17  Supply Depot  
  14  0:25  SCV  
  15  0:28  Refinery  
  15  0:39  SCV  
  16  0:44  Barracks  
  16  0:51  SCV  
  17  0:58  Refinery  
  17  1:03  SCV  
  18  1:15  SCV  
  19  1:33  Reaper  
  19  1:34  Orbital Command  
  19  1:35  Factory  
  20  1:45  Supply Depot  
  20  1:59  SCV  
  21  2:06  Reaper  
  22  2:11  SCV  
  23  2:18  Cyclone  
  26  2:23  SCV  
  26  2:24  Starport  
  27  2:31  Supply Depot  
  27  2:35  SCV  
  28  2:38  Barracks Tech Lab  
  28  2:47  SCV  
  28  2:49  Widow Mine  
  31  2:53  Supply Depot  
  31  2:59  SCV  
  32  3:06  Raven  
  32  3:12  SCV  
  35  3:17  Barracks Reactor  
  35  3:24  Command Center  
  35  3:28  SCV  
  36  3:34  Factory Tech Lab  
  36  3:40  SCV  
  37  3:52  SCV  
  38  3:58  Raven  
  40  4:04  Marine x2, SCV  
  40  4:06  Command Center  
  42  4:16  SCV  
  37  4:26  Marine x2  
  37  4:27  Siege Tank  
  37  4:28  SCV  
  43  4:40  SCV, Orbital Command  
  44  4:52  Marine, SCV, Stimpack  
  46  4:59  Barracks  
  46  5:01  Barracks  
  46  5:04  SCV  
  47  5:07  SCV  
  47  5:10  Marine  
  47  5:12  Starport Reactor  
  49  5:16  SCV  
  49  5:17  Barracks  
  51  5:22  SCV  
  51  5:25  Orbital Command  
  51  5:29  SCV  
  51  5:34  SCV  
  51  5:37  Siege Tank  
  51  5:38  Marine  
  51  5:41  SCV  
  56  5:46  SCV  
  56  5:49  Marine x2  
  59  5:51  Medivac x2  
  59  5:52  SCV  
  59  5:55  SCV  
  65  5:58  SCV  
  66  6:04  SCV  
  66  6:07  Marine x3, SCV  
  66  6:08  Supply Depot  
  66  6:10  Refinery, SCV  
  72  6:11  Refinery  
  72  6:16  SCV  
  73  6:20  SCV  
  73  6:22  Marine  
  73  6:25  Marine  
  72  6:32  SCV, Siege Tank  
  66  6:35  Marine  
  63  6:40  Marine x2  
  63  6:41  SCV  
  63  6:43  SCV  
  66  6:47  Marine  
  66  6:53  Marine  
  66  6:54  Combat Shields  
  66  6:57  SCV  
  66  6:58  Marine  
  63  7:02  SCV x2  
  63  7:04  Siege Tank  
  63  7:05  Marine  
  67  7:09  SCV  
  67  7:10  Marine  
  67  7:14  SCV  
  70  7:16  SCV  
  70  7:21  SCV  
  70  7:22  Supply Depot  
  72  7:23  Barracks Reactor  
  72  7:26  SCV  
  72  7:28  SCV  
  72  7:29  Marine  
  75  7:33  Marine, SCV  
  75  7:34  Marine  
  78  7:38  Medivac  
  78  7:42  SCV  
  78  7:43  SCV  
  82  7:45  SCV  
  82  7:47  Marine, Medivac  
  82  7:50  Marine  
  87  7:52  Marine  
  87  7:54  SCV  
  87  7:58  Supply Depot  
  89  7:59  SCV, Engineering Bay  
  89  8:00  SCV  
  89  8:01  Engineering Bay  
  89  8:02  Marine x2  
  93  8:07  Supply Depot  
  93  8:11  Refinery  
  93  8:13  Refinery  
  93  8:19  Marine x3, SCV, Siege Tank  
  100  8:25  Barracks  
  100  8:27  Barracks  
  100  8:31  Marine x2  
  100  8:33  SCV, Terran Infantry Weapons Level 1  
  100  8:34  SCV, Terran Infantry Armor Level 1  
  103  8:37  Marine, SCV  
  103  8:38  Marine x2  
  103  8:39  Supply Depot  
  108  8:45  Factory  
  108  8:47  Supply Depot  
  108  8:48  Medivac x2  
  111  9:05  SCV  
  111  9:06  Marine x3  
  111  9:07  Siege Tank  
  112  9:11  Marine x2  
  112  9:12  SCV x2  
  118  9:18  Medivac x2  
  118  9:23  Barracks Reactor x2, Marine  
  121  9:24  Marine x2  
  121  9:27  Armory  
  121  9:29  Marine x2  
  123  9:32  SCV  
  123  9:36  Command Center  
  124  9:39  Siege Tank  
  124  9:41  Marine  
  124  9:42  Marine x2  
  130  9:45  Supply Depot  
  130  9:47  Marine  
  130  9:51  SCV x2  
  132  9:58  Siege Tank  
  132  9:59  Marine x2, Barracks Reactor  
  127  10:00  Marine  
  127  10:02  Marine x2  
  127  10:04  Marine  
  127  10:05  Marine x2  
  130  10:11  Supply Depot x2, Siege Tank  
  130  10:13  Medivac x2  
  137  10:17  Marine x3  
  137  10:20  Marine  
  141  10:23  Terran Vehicle Weapons Level 1  
  141  10:28  Terran Infantry Weapons Level 2  
  141  10:32  Marine x3, Siege Tank  
  145  10:41  Marine x3  
  129  10:43  Siege Tank  
  129  10:45  Marine x3  
  129  10:46  Marine  
  110  10:50  Marine x3  
  106  10:59  Marine x3  
  106  11:03  Marine x4  
  111  11:08  Marine x3  
  114  11:17  Marine x3  
  111  11:21  Marine  
  111  11:23  Marine, Medivac  
  98  11:36  Medivac  
  89  11:51  Marine x2  
  89  11:53  Medivac  
  93  11:59  Orbital Command  
  93  12:05  Siege Tank  
  95  12:17  Marine x2  
  95  12:20  Marine  
  98  12:23  Marine  
  98  12:28  Marine x2  
  101  12:34  Marine x2  
  103  12:38  Siege Tank  
  106  12:46  Siege Tank  
  106  12:48  Marine x2  
  105  12:56  Marine x2  
  103  13:00  Marine x2  
  103  13:04  Marine  
  104  13:06  Marine  
  104  13:11  Siege Tank  
  92  13:14  Marine  
  92  13:18  Marine  
  86  13:22  Marine  
  86  13:24  Marine, Factory Tech Lab  
  86  13:26  Starport Reactor  
  84  13:27  Barracks Reactor  
  84  13:32  Marine  
  85  13:36  Marine  
  85  13:40  Marine  
  87  13:42  Marine  
  87  13:43  Siege Tank  
  87  13:44  Siege Tank  
  94  13:52  Barracks  
  94  13:54  Marine  
  96  13:57  Barracks  
  96  14:00  Marine  
  96  14:01  Starport  
  98  14:03  Marine x2  
  98  14:06  Barracks Reactor  
  98  14:07  Barracks Reactor  
  98  14:12  Marine  
  98  14:15  Siege Tank  
  98  14:16  Siege Tank  
  105  14:17  Marine  
  105  14:21  Marine x2  
  108  14:29  Refinery, Marine  
  109  14:35  Marine  
  110  14:39  Marine x2  
  110  14:42  Marine x2  
  110  14:44  Marine x2  
  116  14:47  Marine, Siege Tank  
  116  14:48  Siege Tank  
  121  14:53  Marine  
  121  14:55  Command Center  
  121  14:56  Marine  
  121  14:57  Marine  
  124  15:00  Marine x2  
  124  15:01  Marine  
  124  15:02  Marine  
  124  15:05  Marine  
  124  15:06  Starport Reactor  
  129  15:11  Marine  
  130  15:14  Marine x2  
  130  15:18  Marine  
  133  15:22  Supply Depot  
  133  15:24  Siege Tank x2  
  139  15:32  Marine  
  139  15:33  Marine x2  
  142  15:40  Marine x2  
  136  15:44  Marine x2  
  136  15:45  Marine  
  136  15:49  Barracks Reactor  
  137  15:50  Marine  
  137  15:53  SCV  
  137  15:55  Marine x2  
  137  15:56  Siege Tank  
  141  15:57  Siege Tank  
  141  15:58  Marine x2  
  141  16:02  Marine x2  
  146  16:15  Marine  
  146  16:16  Marine x3  
  150  16:25  Marine x3  
  146  16:28  Siege Tank  
  146  16:30  Siege Tank  
  150  16:54  Marine x2  
  147  16:56  Marine x3  
  147  17:00  Siege Tank  
  144  17:12  Marine x6  
  144  17:13  Marine, Siege Tank  
  144  17:14  Marine  
  138  17:28  Marine  
  138  17:29  Marine  
Show
View Real Time Build Order
Export as new Build Order

DeMusliM Terran 

Build Orders: 1/1/1, Cyclone Opening, Bio Tank 

Get SALT Encoding   

  12  0:00  SCV  
  13  0:13  SCV  
  14  0:17  Supply Depot  
  14  0:25  SCV  
  15  0:29  Refinery  
  15  0:39  SCV  
  16  0:45  Barracks  
  16  0:51  SCV  
  16  0:57  Refinery  
  17  1:03  SCV  
  18  1:15  SCV  
  19  1:31  Orbital Command  
  19  1:33  Factory  
  19  1:38  Reaper  
  20  1:44  Supply Depot  
  20  1:57  SCV  
  21  2:10  Reaper  
  21  2:14  SCV  
  23  2:19  Starport  
  23  2:22  Cyclone  
  26  2:27  SCV  
  26  2:29  Supply Depot  
  27  2:39  SCV  
  27  2:42  Barracks Tech Lab  
  28  2:51  SCV  
  29  3:03  Cloaking Field, SCV, Banshee  
  33  3:10  Supply Depot, Widow Mine  
  35  3:15  SCV  
  36  3:28  SCV  
  37  3:40  SCV  
  38  3:41  Command Center  
  38  3:46  Raven  
  40  3:51  Supply Depot  
  40  3:53  Barracks Reactor  
  40  3:59  Factory Tech Lab  
  40  4:02  SCV  
  40  4:15  SCV  
  38  4:27  SCV  
  39  4:31  Viking  
  39  4:32  Marine x2  
  39  4:36  Refinery, Siege Tank  
  46  4:39  SCV  
  47  4:51  SCV  
  48  5:03  SCV  
  49  5:08  Siege Tank  
  52  5:14  Viking  
  52  5:16  SCV  
  52  5:17  Orbital Command  
  55  5:21  Viking  
  55  5:27  Marine  
  58  5:29  SCV  
  58  5:34  Command Center  
  59  5:41  SCV  
  60  5:43  Stimpack  
  60  5:45  Viking  
  60  5:49  SCV  
  63  5:52  Viking  
  63  5:53  SCV  
  66  6:01  SCV  
  66  6:05  SCV  
  67  6:16  Viking  
  69  6:22  SCV  
  70  6:29  SCV  
  70  6:30  Siege Tank  
  64  6:34  SCV  
  60  6:42  SCV  
  61  6:49  Marine, Barracks x2  
  61  6:52  Engineering Bay x2  
  62  6:54  SCV  
  62  6:55  SCV  
  64  7:02  Orbital Command, Siege Tank  
  64  7:06  Refinery, Marine, SCV  
  64  7:07  SCV  
  70  7:15  Medivac  
  66  7:17  Medivac  
  66  7:19  SCV, Terran Infantry Weapons Level 1  
  66  7:20  Terran Infantry Armor Level 1  
  66  7:21  SCV  
  70  7:29  Marine  
  71  7:31  SCV  
  71  7:33  Barracks, SCV  
  71  7:35  Barracks  
  73  7:38  Siege Tank  
  73  7:39  Barracks Reactor  
  73  7:41  SCV  
  73  7:43  Barracks Reactor, SCV  
  78  7:45  Supply Depot  
  78  7:47  Supply Depot  
  78  7:48  Marine  
  79  7:54  SCV x2  
  79  7:56  SCV  
  79  7:57  Refinery x2  
  82  7:58  Combat Shields  
  82  8:04  Medivac  
  84  8:06  Marine  
  84  8:07  SCV x2  
  84  8:08  Supply Depot  
  84  8:09  SCV  
  88  8:16  Marine x2  
  88  8:17  Armory  
  90  8:20  Marine x2  
  90  8:21  Barracks Reactor  
  90  8:24  Marine  
  90  8:25  Barracks Reactor  
  93  8:29  Supply Depot x2  
  93  8:34  Marine x2  
  93  8:37  SCV x2  
  93  8:38  Marine x2, SCV  
  100  8:41  Marine  
  100  8:45  Missile Turret  
  100  8:46  Missile Turret  
  101  8:49  SCV x2  
  101  8:50  SCV  
  101  8:51  Siege Tank  
  101  8:52  Marine x2  
  106  8:56  Marine x2  
  106  8:57  Marine x2  
  106  8:59  Marine  
  103  9:05  Marine x2  
  86  9:10  Marine x2  
  86  9:14  Marine x2  
  86  9:15  Marine  
  84  9:18  Marine x2  
  84  9:23  Marine x2, Medivac x2, Siege Tank  
  95  9:24  Orbital Command  
  95  9:30  Marine  
  96  9:38  Marine x2  
  98  9:42  Marine x2  
  98  9:43  Marine  
  100  9:47  Marine  
  101  9:55  Marine x3  
  99  10:00  Marine x3  
  99  10:03  Orbital Command  
  102  10:07  Marine  
  102  10:08  Medivac  
  102  10:12  Siege Tank  
  102  10:13  Marine x3  
  111  10:15  Marine x2  
  111  10:17  Marine  
  111  10:19  Marine x2  
  116  10:25  Marine  
  117  10:29  Engineering Bay x2  
  117  10:30  Marine  
  117  10:31  Marine x2  
  117  10:33  Marine x2  
  117  10:35  Marine  
  97  10:47  Marine  
  97  10:48  Marine  
  97  10:49  Marine  
  90  10:50  Marine  
  90  10:54  Marine  
  90  10:55  Terran Infantry Weapons Level 2  
  89  11:01  Marine  
  89  11:11  Marine  
  89  11:14  SCV, Orbital Command  
  89  11:15  SCV  
  92  11:23  Marine x2  
  88  11:27  Siege Tank  
  91  11:37  Marine x2  
  91  11:43  Marine  
  91  11:46  Marine  
  91  11:47  Marine  
  86  11:49  Marine  
  86  11:51  Terran Infantry Armor Level 2  
  82  11:55  Marine  
  83  12:03  Siege Tank  
  83  12:06  Marine x2  
  83  12:08  Marine  
  88  12:10  Marine  
  88  12:22  Marine x2  
  89  12:28  Marine x2  
  92  12:30  Medivac  
  92  12:34  Marine x2  
  92  12:35  Siege Tank  
  99  12:37  Marine x2  
  96  12:56  Marine x2  
  96  12:57  Marine  
  94  12:59  Marine x2  
  91  13:07  Marine x2  
  91  13:10  Siege Tank  
  76  13:13  Marine x2  
  76  13:14  Marine  
  77  13:25  Marine  
  71  13:29  Marine x2  
  72  13:36  Marine x2  
  74  13:42  Marine  
  74  13:43  Marine  
  74  13:44  Terran Infantry Weapons Level 3  
  76  13:51  Orbital Command, Siege Tank  
  76  13:52  Medivac  
  76  13:53  Marine x2  
  83  13:56  Marine  
  84  14:05  SCV  
  85  14:16  Marine x3  
  88  14:17  SCV x2  
  90  14:29  Marine x3, SCV  
  94  14:37  Marine x3  
  97  14:38  Siege Tank  
  97  14:45  Marine x2  
  102  14:55  Marine x2  
  102  14:56  SCV  
  102  14:58  Marine  
  106  15:01  Supply Depot  
  106  15:02  Supply Depot  
  106  15:05  Marine, Liberator  
  106  15:07  SCV  
  108  15:08  SCV  
  109  15:17  Marine  
  109  15:20  Supply Depot  
  116  15:28  Siege Tank  
  115  15:40  Marine x2  
  115  15:41  Marine  
  102  15:46  Marine x2  
  94  16:00  Marine x3  
  95  16:04  Marine x2  
  95  16:05  Siege Tank  
  95  16:06  Marine x2  
  95  16:07  Marine  
  103  16:12  Liberator  
  103  16:16  Marine  
  103  16:18  Marine x2  
  105  16:25  Marine x2  
  109  16:37  Siege Tank  
  108  16:44  Marine x3  
  108  16:46  Marine  
  108  16:47  Marine  
  113  16:57  Marine x2  
  113  17:00  Supply Depot  
  112  17:03  Supply Depot  
  106  17:10  Marine x2  
Tags
 
Add a new tag
Caveats
  • Supply blocks, unpowered buildings, or Contaminate may cause inaccurate times.
  • Supply counts are checked every 10 seconds.